 Dungeon Crawl Stone Soup version 0.23.0 (webtiles) character file.

Game seed: 7788363416392891268

437 Lanoc the Chiller (level 6, -2/47 HPs)
             Began as a Demonspawn Ice Elementalist on Feb 10, 2019.
             Slain by a centaur zombie (4 damage)
             ... on level 7 of the Dungeon.
             The game lasted 00:12:53 (4657 turns).

Lanoc the Chiller (Demonspawn Ice Elementalist)     Turns: 4657, Time: 00:12:54

Health: -2/47      AC:  5    Str:  8 (9)  XL:     6   Next: 69%
Magic:  1/9        EV: 13    Int: 16 (17) God:
Gold:   205        SH:  0    Dex: 13 (14) Spells: 1/9 levels left

rFire    + . .     SeeInvis .   (no weapon)
rCold    . . .     Gourm    .   (no shield)
rNeg     . . .     Faith    .   a - +0 robe
rPois    .         Spirit   .   (no helmet)
rElec    .         Reflect  .   h - +0 cloak
rCorr    .         Harm     .   (no gloves)
MR       .....                  (no boots)
Stlth    ++........             (no amulet)
HPRegen  0.15/turn              n - ring of protection from fire
MPRegen  0.11/turn              (no ring)

@: no status effects
A: talons 2, molten scales 1, rot immunity
a: no special abilities


You were on level 7 of the Dungeon.
You were not hungry.

You visited 1 branch of the dungeon, and saw 5 of its levels.

You collected 205 gold pieces.

Inventory:

Armour
 a - a +0 robe (worn)
 h - a +0 cloak (worn)
Jewellery
 n - a ring of protection from fire (left hand)
Wands
 b - a wand of random effects (26)
Scrolls
 d - a scroll of fog
 g - 3 scrolls of remove curse {unknown}
 i - 3 scrolls of magic mapping
 p - 2 scrolls of immolation
Potions
 e - a potion of curing
 m - a potion of ambrosia
Comestibles
 c - 7 rations
 f - 2 chunks of flesh


   Skills:
 + Level 3.1 Fighting
 + Level 3.5 Dodging
 - Level 1.7 Stealth
 - Level 2.0 Spellcasting
 - Level 1.0 Conjurations
 * Level 5.3 Ice Magic


You had one spell level left.
You knew the following spells:

 Your Spells              Type           Power        Failure   Level  Hunger
a - Freeze                Ice            ###.         2%          1    #......
b - Ozocubu's Armour      Chrm/Ice       ##......     22%         3    ###....
c - Throw Icicle          Conj/Ice       ##......     50%         4    #####..

Your spell library contained the following spells:

 Spells                   Type           Power        Failure   Level  Hunger
 Throw Frost              Conj/Ice       ##....       9%          2    ###....
 Summon Ice Beast         Ice/Summ       ##......     56%         4    #####..


Dungeon Overview and Level Annotations

Branches:
Dungeon (4/15)
 Temple: D:4-7

Altars:
Dithmenos
Kikubaaqudgha

Portals:
Bailey: D:7

Annotations:
D:4 1 runed translucent door, Crazy Yiuf


Innate Abilities, Weirdness & Mutations

You have razor-sharp toenails.
You are partially covered in molten scales. (AC +2)
You are immune to rotting.


Message History

You closely miss the hound. The hound closely misses you.
The centaur zombie hits you.
* * * LOW HITPOINT WARNING * * *
The hound bites you but does no damage.
You hit the centaur zombie but do no damage.
The centaur zombie is almost destroyed.
The centaur zombie barely misses you. The hound misses you.
The centaur zombie hits you but does no damage.
The hound barely misses you. The centaur zombie closely misses you.
You see here a runed spear.
The hound bites you.
* * * LOW HITPOINT WARNING * * *
The centaur zombie closely misses you. The hound barely misses you.
There is a flagged portal here.
The centaur zombie hits you.
* * * LOW HITPOINT WARNING * * *
The hound bites you.
* * * LOW HITPOINT WARNING * * *
The centaur zombie hits you.
You die...

# #. ###.####
.......###
#......##
####...(...#####.
......)∩@/.......
#####..hZ.######
#.%...#
..>....###
.#####.# #.# #.#
#.# #.


You could see a hound and a centaur zombie.

Vanquished Creatures
  Duvessa (D:4)
  Dowan (D:4)
  2 orc wizards (D:3)
  An iguana (D:4)
  2 worker ants (D:4)
  Robin (D:4)
  2 adders
  2 worms
  A dart slug (D:2)
  6 leopard geckos
  7 orcs
  7 bats
  3 giant cockroaches
  13 hobgoblins
  7 jackals
  2 quokkas (D:3)
  7 frilled lizards
  25 goblins
  A jackal skeleton (D:4)
  7 kobolds
  3 rats
101 creatures vanquished.

Notes
Turn   | Place    | Note
-------+----------+-------------------------------------------
     0 | D:1      | Lanoc the Demonspawn Ice Elementalist began the quest for
                  | the Orb.
     0 | D:1      | Reached XP level 1. HP: 13/13 MP: 3/3
   246 | D:1      | Reached skill level 3 in Ice Magic
   280 | D:1      | Gained mutation: You have sharp toenails. [demonic
                  | ancestry]
   280 | D:1      | Reached XP level 2. HP: 20/20 MP: 1/5
   752 | D:1      | Reached skill level 1 in Fighting
  1079 | D:2      | Gained mutation: You have razor-sharp toenails. [demonic
                  | ancestry]
  1079 | D:2      | Reached XP level 3. HP: 21/26 MP: 3/6
  1251 | D:2      | Learned a level 3 spell: Ozocubu's Armour
  2116 | D:2      | Gained mutation: You are partially covered in molten
                  | scales. (AC +2) [demonic ancestry]
  2116 | D:2      | Reached XP level 4. HP: 27/32 MP: 0/7
  2336 | D:3      | Found an ancient bone altar of Kikubaaqudgha.
  2736 | D:3      | Found a shadowy altar of Dithmenos.
  2761 | D:3      | Reached skill level 4 in Ice Magic
  2763 | D:3      | Gained mutation: You are immune to rotting. [demonic
                  | ancestry]
  2763 | D:3      | Reached XP level 5. HP: 11/38 MP: 0/8
  3040 | D:3      | Learned a level 4 spell: Throw Icicle
  3330 | D:4      | Noticed Robin
  3377 | D:4      | Killed Robin
  3808 | D:4      | Noticed Duvessa
  3808 | D:4      | Noticed Dowan
  4164 | D:4      | Killed Duvessa
  4164 | D:4      | Reached XP level 6. HP: 33/46 MP: 3/9
  4178 | D:4      | Killed Dowan
  4178 | D:4      | Reached skill level 5 in Ice Magic
  4441 | D:4      | Found a runed translucent door.
  4442 | D:4      | Noticed Crazy Yiuf
  4630 | D:4      | You fall through a shaft for 3 floors!
  4630 | D:7      | Found a flagged portal.
  4657 | D:7      | HP: 2/47 [hound (3)]
  4657 | D:7      | Slain by a centaur zombie

Skill      XL: |  1  2  3  4  5  6 |
---------------+-------------------+-----
Ice Magic      | 3 4 5 |  5.3
Dodging        | 2 3 |  3.5
Fighting       | 1 2 3 |  3.1
Stealth        | |  1.7
Spellcasting   | |  2.0
Conjurations   | |  1.0

Action                   |  1- 3 |  4- 6 || total
-------------------------+-------+-------++-------
Melee: Unarmed           |   153 |   188 ||   341
       Kick              |    25 |    37 ||    62
 Cast: Freeze            |    49 |    75 ||   124
       Ozocubu's Armour  |     2 |     5 ||     7
Evoke: Wand              |       |     3 ||     3
  Use: Potion            |       |    10 ||    10
       Scroll            |       |     6 ||     6
 Stab: Sleeping          |     1 |       ||     1
  Eat: Chunk             |     5 |     7 ||    12
       Ration            |       |     1 ||     1
Armor: Robe              |    57 |    69 ||   126
       Skin              |       |    16 ||    16
Dodge: Dodged            |   120 |   143 ||   263
